 Dungeon Crawl Stone Soup version 0.18-a0-1109-gfc003ac (webtiles) character file.

83 gorblad the Magician (level 4, 0/33 HPs)
             Began as a Draconian Fire Elementalist on Jan 17, 2016.
             Slain by an adder (5 damage)
             ... on level 2 of the Dungeon.
             The game lasted 00:05:31 (1835 turns).

gorblad the Magician (Draconian Fire Elementalist)  Turns: 1835, Time: 00:05:31

Health: 0/33       AC:  5    Str: 10    XL:     4   Next: 22%
Magic:  0/10       EV: 12    Int: 17    God:
Gold:   77         SH:  0    Dex: 11    Spells: 2 memorised, 7 levels left

rFire  . . .     SeeInvis .     f - +0 dagger
rCold  . . .     Gourm    .     (armour unavailable)
rNeg   . . .     Faith    .     (no shield)
rPois  .         Spirit   .     (helmet restricted)
rElec  .         Dismiss  .     (no cloak)
rCorr  .         Reflect  .     (no gloves)
SustAt .         Harm     .     (no boots)
MR     .....                    (no amulet)
Stlth  ++........               (no ring)
                                (no ring)

@: very slightly contaminated, not resistant to hostile enchantments, unstealthy
A: unfitting armour, stinger 1, high mp 1, mutation resistance 1, cold-blooded,
AC +5
a: no special abilities


You were on level 2 of the Dungeon.
You were not hungry.

You visited 1 branch of the dungeon, and saw 2 of its levels.

You collected 77 gold pieces.

Inventory:

Hand Weapons
 f - a +0 dagger (weapon)
Scrolls
 d - a scroll of identify
 l - a scroll of teleportation
Books
 a - a book of Flames

   Spells                             Type                      Level
   a - Flame Tongue                   Conjuration/Fire             1
   b - Throw Flame                    Conjuration/Fire             2
   c - Conjure Flame                  Conjuration/Fire             3
   d - Inner Flame                    Hexes/Fire                   3
   e - Sticky Flame                   Conjuration/Fire             4
   f - Fireball                       Conjuration/Fire             5
Comestibles
 b - a bread ration
 i - a meat ration


   Skills:
 - Level 1.7 Dodging
 - Level 1.7 Stealth
 * Level 3.6 Spellcasting
 - Level 1.9 Conjurations
 - Level 3.3 Fire Magic


You had 7 spell levels left.
You knew the following spells:

 Your Spells              Type           Power        Failure   Level  Hunger
a - Flame Tongue          Conj/Fire      ##...        6%          1    None
b - Throw Flame           Conj/Fire      ##....       10%         2    ##.....


Dungeon Overview and Level Annotations

Branches:
Dungeon (2/15)

Altars:


Innate Abilities, Weirdness & Mutations

Your plain brown scales are hard (AC +5).
Your body does not fit into most forms of armour.
You are cold-blooded and may be slowed by cold attacks.
Your tail ends in a poisonous barb.
You have an increased reservoir of magic (+10% MP).
You are somewhat resistant to further mutation.


Message History

You don't have enough magic to cast that spell.
Unknown command.
You barely miss the adder.
Your tail-slap misses the adder.
The adder is moderately wounded.
The adder bites you but does no damage. The adder bites you.
* * * LOW HITPOINT WARNING * * *
You barely miss the adder.
The adder is moderately wounded.
The adder bites you.
* * * LOW HITPOINT WARNING * * *
You hit the adder.
The adder is severely wounded.
The adder barely misses you.
You hit the adder.
The adder is severely wounded.
The adder closely misses you. The adder bites you but does no damage.
You hit the adder.
The adder is almost dead.
The adder bites you.
You die...

. . # # ## ###### ###
h#######.....# #.####
hg.g.†#.......###.##.##
.S###..........##.#...##
.).... ........S@......#
..###.g........#.)....##
..# .......##.......#
#.# #.....# #...###.#
#.# ##...# ##### #.# #.#
##+# #.# #.# #.# #.#


You could see an adder.

Vanquished Creatures
  Robin (D:2)
  An adder (D:2)
  2 oozes (D:2)
  A giant gecko (D:1)
  15 goblins
  7 hobgoblins
  7 jackals (D:2)
  3 bats
  7 kobolds (D:1)
  3 rats (D:1)
47 creatures vanquished.

Notes
Turn   | Place    | Note
--------------------------------------------------------------
     0 | D:1      | gorblad the Draconian Fire Elementalist began the quest for the Orb.
     0 | D:1      | Reached XP level 1. HP: 14/14 MP: 3/3
   112 | D:1      | Reached XP level 2. HP: 2/20 MP: 0/5
   405 | D:1      | Learned a level 2 spell: Throw Flame
  1259 | D:2      | Reached XP level 3. HP: 26/26 MP: 1/7
  1746 | D:2      | Noticed Robin
  1792 | D:2      | Reached XP level 4. HP: 8/33 MP: 9/9
  1794 | D:2      | Gained mutation: You have an increased reservoir of magic (+10% MP). [potion of mutation]
  1794 | D:2      | Gained mutation: You are somewhat resistant to further mutation. [potion of mutation]
  1794 | D:2      | Gained mutation: Your tail ends in a poisonous barb. [potion of mutation]
  1820 | D:2      | Killed Robin
  1835 | D:2      | Slain by an adder

Vault maps used:
D:1:      dpeg_arrival_arbitrary_b
D:2:      gammafunk_temple_overflow_claw, lemuel_zombie_altar_yredelemnul,
          kennysheep_generic_room_2, uniq_robin

Action                   |  1- 3 |  4- 6 || total
-------------------------+-------+-------++-------
Melee: Club              |    62 |       ||    62
       Dagger            |    62 |     9 ||    71
 Cast: Flame Tongue      |    44 |    10 ||    54
       Throw Flame       |     8 |       ||     8
  Use: Scroll            |     5 |     1 ||     6
       Potion            |     1 |     2 ||     3
  Eat: Chunk             |     4 |       ||     4
